 Dungeon Crawl Stone Soup version 0.21.1-1-g345015f (webtiles) character file.

72 Mirai the Skirmisher (level 4, -1/37 HPs)
             Began as a Demonspawn Abyssal Knight on Feb 5, 2018.
             Was a Believer of Lugonu.
             Slain by a worm (5 damage)
             ... on level 3 of the Dungeon.
             The game lasted 00:07:50 (1929 turns).

Mirai the Skirmisher (Demonspawn Abyssal Knight)    Turns: 1929, Time: 00:07:50

Health: -1/37      AC:  3    Str: 13    XL:     4   Next: 6%
Magic:  5/5        EV: 11    Int: 14    God:    Lugonu [**....]
Gold:   166        SH:  0    Dex: 12    Spells: 3/3 levels left

rFire    . . .     SeeInvis .   a - +1 spear
rCold    . . .     Gourm    .   (no shield)
rNeg     . . .     Faith    .   k - +0 leather armour
rPois    .         Spirit   .   (no helmet)
rElec    .         Reflect  .   (no cloak)
rCorr    .         Harm     .   (no gloves)
MR       .....                  (no boots)
Stlth    +.........             (no amulet)
HPRegen  0.12/turn              (no ring)
MPRegen  0.09/turn              (no ring)

@: no status effects
A: claws 2
a: Depart the Abyss, Bend Space, Renounce Religion


You were on level 3 of the Dungeon.
You worshipped Lugonu.
Lugonu was pleased with you.
You were hungry.

You visited 1 branch of the dungeon, and saw 3 of its levels.
You visited the Abyss 1 time.

You collected 166 gold pieces.

Inventory:

Hand Weapons
 a - a +1 spear (weapon)
 d - a +0 short sword
 e - a +0 dagger
 m - a +1 dagger of speed
 q - a +0 short sword
 s - a +0 club
 t - a +0 hunting sling
 u - a +0 short sword
 w - a +3 dagger
 y - a +0 whip
 B - a +0 hunting sling
 C - a +0 dagger
 H - a +0 mace
Missiles
 l - 20 poisoned needles
 p - 155 stones (quivered)
 D - 21 bolts
Armour
 b - a +0 leather armour
 k - a +0 leather armour (worn)
 I - a +0 robe
Jewellery
 A - an uncursed ring of poison resistance {unknown}
Scrolls
 f - 2 scrolls of teleportation {unknown}
 n - a scroll of remove curse {unknown}
 o - a scroll of amnesia {unknown}
 r - a scroll of magic mapping {unknown}
 v - a scroll of identify {unknown}
 z - a scroll of immolation {unknown}
 F - a scroll of blinking {unknown}
 G - a scroll of noise {unknown}
 J - a scroll of fear {unknown}
Potions
 g - a potion of brilliance {unknown}
 h - a potion of magic {unknown}
 i - a potion of heal wounds {unknown}
 j - 2 potions of might {unknown}
 x - a potion of resistance {unknown}
 E - a potion of lignification {unknown}
Comestibles
 c - 3 rations


   Skills:
 + Level 4.0 Fighting
 + Level 2.3 Polearms
 + Level 2.4 Armour
 + Level 1.2 Dodging
 + Level 0.1 Stealth
 + Level 2.5 Invocations


You had 3 spell levels left.
You didn't know any spells.

Dungeon Overview and Level Annotations

Branches:
Dungeon (3/15)

Altars:
Gozag
Hepliaklqana
Xom
Yredelemnul


Innate Abilities, Weirdness & Mutations

You have very sharp fingernails.


Message History

The hobgoblin is almost dead.
The hobgoblin closely misses you.
You hit the hobgoblin but do no damage.
The hobgoblin is almost dead.
The hobgoblin completely misses you.
You barely miss the hobgoblin.
The hobgoblin is almost dead.
The hobgoblin hits you with a club.
* * * LOW HITPOINT WARNING * * *
You hit the hobgoblin.
You kill the hobgoblin!
Lugonu accepts your kill.
You are feeling hungry.
The worm bites you!
* * * LOW HITPOINT WARNING * * *
You see here a club.
You hit the worm.
The worm is moderately wounded.
The worm bites you.
You die...

................#...
######'#..............
.....#.#..............
#..#.#...##....##....
#..#.#....+.....#...
#..#......#.....#.# ♣.
#.................# ...
#...............######...
...............w@......#
.........#.....###.....#
#.....####..†..# #.....♣
#........#.#.#####.....♣
#....#.#.#.............♣
.....+.................♣
##...#.......#####.....#
.............# #####.#
#####......#.# ..


You could see a worm.

Vanquished Creatures
  An adder (D:2)
  An ooze (D:3)
  A worm (D:3)
  A dart slug (D:2)
  2 leopard geckos
  4 giant cockroaches
  4 goblins
  7 hobgoblins
  6 kobolds
  2 quokkas
  8 bats
  4 frilled lizards
  9 rats
50 creatures vanquished.

Notes
Turn   | Place    | Note
-------+----------+-------------------------------------------
     0 | Abyss:1  | Mirai the Demonspawn Abyssal Knight began the quest for the Orb.
     0 | Abyss:1  | Reached XP level 1. HP: 18/18 MP: 2/2
    58 | D:1      | Escaped the Abyss
   194 | D:1      | Reached skill level 1 in Dodging
   389 | D:1      | Gained mutation: You have sharp fingernails. [demonic ancestry]
   389 | D:1      | Reached XP level 2. HP: 23/24 MP: 3/3
  1085 | D:2      | Reached ** piety under Lugonu
  1090 | D:2      | Gained mutation: You have very sharp fingernails. [demonic ancestry]
  1090 | D:2      | Reached XP level 3. HP: 18/29 MP: 4/4
  1285 | D:2      | Found an opulent altar of Gozag.
  1665 | D:2      | Found a hazy altar of Hepliaklqana.
  1665 | D:2      | Found a shimmering altar of Xom.
  1689 | D:2      | Found a basalt altar of Yredelemnul.
  1781 | D:3      | Reached skill level 4 in Fighting
  1877 | D:3      | Reached XP level 4. HP: 29/37 MP: 5/5
  1929 | D:3      | Slain by a worm

Skill      XL: |  1  2  3 |
---------------+----------+-----
Dodging        | 1 |  1.2
Armour         | 2 |  2.4
Polearms       | 2 |  2.3
Fighting       | 4 |  4.0
Stealth        | |  0.1
Invocations    | |  2.5

Action                   |  1- 3 |  4- 6 || total
-------------------------+-------+-------++-------
Melee: Spear             |   188 |    19 ||   207
  Eat: Chunk             |     3 |       ||     3
Armor: Leather armour    |    85 |     5 ||    90
Dodge: Dodged            |   143 |    13 ||   156
